 Dungeon Crawl Stone Soup version 0.28-a0-479-g5baa6b73be (webtiles) character file.

Game seed: 5443698686814655403

723 Conn the Sneak (level 7, -7/44 HPs)
             Began as an Octopode Fire Elementalist on Sept 19, 2021.
             Killed from afar by an orc wizard (11 damage)
             ... with a puff of flame
             ... on level 4 of the Dungeon.
             The game lasted 00:12:06 (4553 turns).

Conn the Sneak (Octopode Fire Elementalist)         Turns: 4553, Time: 00:12:10

Health: -7/44      AC:  1    Str:  8    XL:     7   Next: 71%
Magic:  4/13       EV: 13    Int: 19    God:
Gold:   206        SH:  0    Dex: 12    Spells: 0/14 levels left

rFire   . . .      SeeInvis .   o - staff of conjuration
rCold   . . .      Faith    .   (no shield)
rNeg    . . .      Spirit   .   (helmet restricted)
rPois   .          Reflect  .   (no amulet)
rElec   .          Harm     .   (no ring)
rCorr   .          Rampage  .   (no ring)
Will    .....                   (no ring)
Stlth   ++++......              (no ring)
HPRegen 0.14/turn               (no ring)
MPRegen 0.13/turn               (no ring)
                                (no ring)
                                (no ring)

@: attractive
A: almost no armour, amphibious, 8 rings, camouflage 1, gelatinous body 1,
(nimble swimmer 1), tentacles
a: no special abilities


You were on level 4 of the Dungeon.
You visited 2 branches of the dungeon, and saw 6 of its levels.

You collected 206 gold pieces.

Inventory:

Hand Weapons
 d - a +4 hand axe
Missiles
 h - 3 boomerangs of dispersal
Magical Staves
 o - a staff of conjuration (weapon)
Wands
 n - a wand of flame (17)
Scrolls
 a - 5 scrolls of identify {unknown}
 e - a scroll of silence {unknown}
 f - 2 scrolls of teleportation {unknown}
 g - a scroll of amnesia {unknown}
 i - a scroll of immolation {unknown}
 j - a scroll of fear {unknown}
 k - a scroll of enchant armour {unknown}
 m - a scroll of brand weapon {unknown}


   Skills:
 + Level 1.7 Fighting
 + Level 2.7 Axes
 + Level 2.6 Dodging
 + Level 4.9 Stealth
 + Level 4.3 Spellcasting
 * Level 2.8 Conjurations
 * Level 0.6 Hexes
 * Level 0.3 Summonings
 * Level 4.7 Fire Magic


You couldn't memorise any spells.
You knew the following spells:

 Your Spells              Type           Power      Damage    Failure   Level
a - Foxfire               Conj/Fire      100%       2x1d9     2%          1
b - Conjure Flame         Conj/Fire      27%        6-21      9%          3
c - Inner Flame           Hex/Fire       14%        N/A       14%         3
d - Flame Wave            Conj/Fire      27%        3d6       28%         4
e - Call Canine Familiar  Summ           5%         N/A       34%         3

Your spell library contained the following spells:

 Spells                   Type           Power      Damage    Failure   Level
 Scorch                   Fire           44%        2d7       3%          2
 Portal Projectile        Hex/Tloc       10%        N/A       34%         3
 Leda's Liquefaction      Hex/Erth       2%         N/A       75%         4
 Summon Mana Viper        Hex/Summ       5%         N/A       97%         5
 Summon Forest            Summ/Tloc      2%         N/A       98%         5
 Summon Cactus Giant      Summ           2%         N/A       100%        6


Dungeon Overview and Level Annotations

Branches:
Dungeon (5/15)             Temple (1/1) D:5

Altars:
Elyvilon
Fedhas
Gozag
Hepliaklqana
Kikubaaqudgha
Okawaru
Qazlal
Ru
Wu Jian
Xom
Zin
The Shining One
Lugonu

Shops:
D:2 =   D:5 !

Annotations:
D:5 Menkaure


Innate Abilities, Weirdness & Mutations

You cannot wear most types of armour.
You are amphibious.
You can wear up to eight rings at the same time.
Your skin changes colour to match your surroundings (Stealth+).
Your rubbery body absorbs attacks. (AC +1, EV +1)
((You are camouflaged near water. (Stealth+)))
You have tentacles for arms and can constrict up to eight enemies at once.


Message History

Your goblin dies!
Your goblin's corpse dissolves into shadows!
Something completely misses your orc.
Your orc hits the orc but does no damage.
The orc is attracted toward you.
You aren't carrying any potions.
Unknown command.
Okay, then.
What are your orders? t - Shout!
Orders for allies: a - Attack new target. r - Retreat! s - Stop attacking. g - Guard the area. f - Follow me.
Anything else - Cancel.
Guard this area!
The orc closely misses your hobgoblin.
Your hobgoblin hits the orc but does no damage.
Something hits your orc.
Your orc barely misses something.
Your orc barely misses the orc.
Unknown command.
o - a staff of conjuration (weapon)
The orc throws a boomerang.
The boomerang barely misses your hobgoblin.
The boomerang hits you.
* * * LOW HITPOINT WARNING * * *
Your hobgoblin hits the orc.
Unknown command.
Your orc hits the orc with a +0 club.
Your orc closely misses something.
Your hobgoblin barely misses something.
Something is attracted toward you. The orc is attracted toward you.
Unknown command.
Your orc wizard hits something with a +0 dagger.
You aren't carrying any potions.
Okay, then.
Casting: Foxfire (safe; 2% risk of failure)
Confirm with . or Enter, or press ? or * to list all spells.
You feel a surge of power!
You conjure some foxfire!
You hear some strange, mumbled words.
A puff of flame appears from out of thin air!
The puff of flame hits you!
You die...

...........#.##........##....##
...........#........##.....>.##
...........#..................#
.........#....o.............).#
###......##...................#
#......###....o..o......#...##
###..............go§.....##.o####
###.........(..v{##o§.#####{o.#..
.###...........v@o##§§####.......
###...#.##.......##..§##.........
.#...### ###.....................
....## ##.....#..............
....# ##...###............. #.###
###...<..#............. ...##
#.#..#................. ....#
#....###.#............. ##..##
#....###.#.......#.....


You could see 2 friendly orc wizards, 2 friendly orcs and a friendly hobgoblin
(summoned, wandering).

Vanquished Creatures
  A water moccasin (D:5)
  A black bear (D:3)
  Blork the orc (D:5)
  A water moccasin skeleton (D:4)
  2 howler monkeys
  A jelly (D:5)
  2 centaur skeletons
  An iguana (D:4)
  A scorpion zombie (D:5)
  An orc wizard (D:5)
  Robin (D:3)
  6 adders
  3 adder skeletons
  A worm (D:2)
  13 orcs
  2 endoplasms
  4 giant cockroaches
  14 goblins
  11 hobgoblins
  6 jackals (D:2)
  3 kobolds
  4 ball pythons
  5 bats
  A frilled lizard (D:2)
  3 rats
89 creatures vanquished.

Vanquished Creatures (collateral kills)
  2 foxfires (D:1)
2 creatures vanquished.

Vanquished Creatures (others)
  273 foxfires
273 creatures vanquished.

Grand Total: 364 creatures vanquished

Notes
Turn   | Place    | Note
-------+----------+-------------------------------------------
     0 | D:1      | Conn the Octopode Fire Elementalist began the quest for the
                  | Orb.
     0 | D:1      | Reached XP level 1. HP: 11/11 MP: 3/3
    70 | D:1      | Found a faded altar of an unknown god.
   488 | D:1      | Reached XP level 2. HP: 17/17 MP: 5/5
   812 | D:2      | Found Maakecym's Jewellery Boutique.
   881 | D:2      | Found a glowing golden altar of the Shining One.
   958 | D:2      | Reached XP level 3. HP: 21/21 MP: 3/6
  1441 | D:2      | Reached XP level 4. HP: 27/27 MP: 2/7
  1603 | D:2      | Learned a level 3 spell: Conjure Flame
  1607 | D:2      | Learned a level 3 spell: Inner Flame
  1837 | D:3      | Noticed Robin
  2066 | D:3      | Killed Robin
  2103 | D:3      | Reached skill level 1 in Axes
  2252 | D:3      | Noticed a black bear
  2259 | D:3      | Killed a black bear
  2260 | D:3      | Reached XP level 5. HP: 26/32 MP: 4/9
  2761 | D:3      | Found a glowing golden altar of the Shining One.
  2761 | D:3      | Found a glowing silver altar of Zin.
  2761 | D:3      | Found a white marble altar of Elyvilon.
  2774 | D:3      | Found an ancient bone altar of Kikubaaqudgha.
  3054 | D:4      | Reached XP level 6. HP: 37/37 MP: 3/10
  3315 | D:4      | Reached skill level 1 in Fighting
  3608 | D:5      | Entered Level 5 of the Dungeon
  3682 | D:5      | Found an iron altar of Okawaru.
  3701 | D:5      | Noticed a water moccasin
  3719 | D:5      | Killed a water moccasin
  3720 | D:5      | Reached XP level 7. HP: 43/43 MP: 0/12
  3905 | D:5      | Found Uwastru's Distillery.
  3990 | D:5      | Found a staircase to the Ecumenical Temple.
  4001 | D:5      | Noticed Menkaure
  4143 | Temple   | Entered the Ecumenical Temple
  4218 | D:5      | Learned a level 4 spell: Flame Wave
  4222 | D:5      | Learned a level 3 spell: Call Canine Familiar
  4279 | D:5      | Noticed Blork the orc
  4287 | D:5      | Killed Blork the orc
  4289 | D:5      | Found a faded altar of an unknown god.
  4292 | D:5      | Found a hazy altar of Hepliaklqana.
  4553 | D:4      | Killed from afar by an orc wizard

Illustrated notes

Levels and vault maps discovered:
D:1:      dpeg_arrival_round_a, layout_basic,
          shapermc_ecumenical_altar_rom_forum, wad_floor_pattern_untrapped
D:2:      layout_loops_ring, basic_altar, serial_shops, shop
D:3:      layout_basic, good_gods_mini_temple, kiku_gazebo_pond_becter,
          uniq_robin
D:4:      layout_cave_pools
D:5:      layout_rooms, beargit_hepliaklqana_dungeon_heroes,
          mainiacjoe_overflow_small_starburst, minmay_temple_entry_water_ring,
          serial_shops, nicolae_take_the_stairs, uniq_menkaure, uniq_sigmund
Temple:   corrupted_temple

Skill      XL: |  1  2  3  4  5  6  7 |
---------------+----------------------+-----
Stealth        | 3 4 |  4.9
Axes           | 1 2 |  2.7
Spellcasting   | 3 4 |  4.3
Conjurations   | 2 |  2.8
Fire Magic     | 4 |  4.7
Fighting       | 1 |  1.7
Dodging        | |  2.6
Hexes          | |  0.6
Summonings     | |  0.3

Action                   |  1- 3 |  4- 6 |  7- 9 || total
-------------------------+-------+-------+-------++-------
Melee: Hand axe          |    13 |    47 |    12 ||    72
       Constrict         |     1 |    11 |     3 ||    15
       Tentacles         |     1 |     2 |     2 ||     5
 Cast: Foxfire           |    50 |    69 |    49 ||   168
       Inner Flame       |       |     2 |     1 ||     3
  Use: Potion            |       |       |     4 ||     4
       Scroll            |       |       |     2 ||     2
 Stab: Sleeping          |     2 |     5 |       ||     7
Armor: Skin              |     1 |     2 |       ||     3
Dodge: Dodged            |    10 |    35 |    15 ||    60

Table legend: (Time is in decaauts)
 A = Elapsed time spent in this place.
 B = Non-inter-level travel time spent in this place.
 C = Inter-level travel time spent in this place.
 D = Time resting spent in this place.
 E = Time spent auto-exploring this place.
 F = Levels seen in this place.
 G = Mean time per level.
                   A        B        C        D        E       F      G
               +--------+--------+--------+--------+--------+-----+--------+
         Total |   4568 |   4474 |     94 |     44 |   3222 |   6 |  761.3 |
       Dungeon |   4511 |   4428 |     83 |     44 |   3217 |   5 |  902.2 |
        Temple |     57 |     46 |     11 |      0 |      5 |   1 |   57.0 |
               +--------+--------+--------+--------+--------+-----+--------+

Top non-repeatable levels by time:
     D:3: 1420 daAuts
     D:5: 856 daAuts
     D:2: 825 daAuts
     D:1: 802 daAuts
     D:4: 606 daAuts
  Temple: 57 daAuts
